 Dungeon Crawl Stone Soup version 0.30-a0-1164-ge08a67761e (webtiles) character file.

Game seed: 8384013511323897183

90 Mickster the Chopper (level 4, -1/36 HPs)
             Began as a Hill Orc Berserker on Apr 29, 2023.
             Was a Believer of Trog.
             Slain by an iguana (8 damage)
             ... on level 4 of the Dungeon.
             The game lasted 00:15:39 (1755 turns).

Mickster the Chopper (Hill Orc Berserker)           Turns: 1755, Time: 00:15:40

Health: -1/36      AC:  6    Str: 21    XL:     4   Next: 56%
Magic:  4/4        EV: 11    Int:  7    God:    Trog [**....]
Gold:   120        SH:  0    Dex: 10    Spells: 3/3 levels left

rFire   + . .        a - +0 hand axe
rCold   . . .        (no shield)
rNeg    . . .        h - +0 ring mail
rPois   .            (no helmet)
rElec   .            (no cloak)
rCorr   .            f - +0 pair of gloves
SInv    .            (no boots)
Will    .....        (no amulet)
Stlth   +            (no ring)
HPRegen 0.26/turn    (no ring)
MPRegen 0.09/turn

%: no passive effects
@: no status effects
A: talons 1, fire resistance 1, frail 1
a: Renounce Religion, Berserk, Trog's Hand


You were on level 4 of the Dungeon.
You worshipped Trog.
Trog was pleased with you.
You visited 1 branch of the dungeon, and saw 4 of its levels.

You collected 120 gold pieces.

Inventory:

Hand Weapons
 a - a +0 hand axe (weapon)
Missiles
 d - 35 stones
 i - 3 poisoned darts (quivered)
Armour
 b - a +0 animal skin
 f - a +0 pair of gloves (worn)
 h - a +0 ring mail (worn)
Wands
 j - a wand of iceblast (7)
Scrolls
 c - a scroll of fog
 e - 2 scrolls of fear
 k - 3 scrolls of identify
Potions
 g - a potion of flight {unknown}


   Skills:
 + Level 4.4 Fighting
 + Level 5.5 Axes
 + Level 2.6 Armour
 + Level 2.1 Dodging
 + Level 0.3 Stealth


You had 3 spell levels left.
You didn't know any spells.
Your spell library was empty.

Dungeon Overview and Level Annotations

Branches:
Dungeon (4/15)
 Temple: D:4-7

Altars:

Shops:
D:1 *


Innate Abilities, Weirdness & Mutations

You have sharp toenails.
Your flesh is heat resistant. (rF+)
You are frail. (-10% HP)


Message History

A goblin comes into view. It is wielding a +0 dagger.
The goblin shouts!
An iguana comes into view.
The iguana hisses angrily.
The iguana hisses menacingly.
The iguana closely misses you.
You see here a +0 plate armour.
You hit the iguana but do no damage. Your kick misses the iguana.
The iguana closely misses you.
You closely miss the iguana. Your kick misses the iguana. You hit the goblin.
You kill the goblin!
Trog accepts your kill. The iguana bites you!
You hit the iguana.
The iguana is lightly wounded.
The iguana bites you but does no damage.
You hit the iguana. You claw the iguana, but do no damage.
The iguana is heavily wounded.
The iguana barely misses you.
You hit the iguana. You claw the iguana.
The iguana is almost dead.
The iguana bites you!
You hit the iguana but do no damage.
The iguana is almost dead.
The iguana bites you.
You hit the iguana but do no damage.
The iguana is almost dead.
The iguana barely misses you.
You barely miss the iguana. Your kick misses the iguana.
The iguana is almost dead.
The iguana barely misses you.
You barely miss the iguana. You claw the iguana, but do no damage.
The iguana is almost dead.
The iguana bites you!
* * * LOW HITPOINT WARNING * * *
You hit the iguana. You claw the iguana, but do no damage.
The iguana is almost dead.
You hear the slow rusting of a distant drain.
The iguana bites you!
You die...

+............#
#............##
#..............
#..............
#..............
#..............
##+#......l)......
#.....####@...[.#
+.....#..+......#
#.....#..#......#
#.....#..#......#
#.....#..#......#
#####.....#..#......#
#.........'..'......+
#......###.###......#
#.....## #+# ##.....#


You could see an iguana.

Vanquished Creatures
  4 adders
  2 worms (D:3)
  A dart slug (D:1)
  An orc (D:4)
  3 ball pythons
  4 endoplasms
  A giant cockroach (D:1)
  4 goblins
  4 hobgoblins
  7 jackals
  A quokka (D:2)
  3 bats
  4 frilled lizards
  2 kobolds
  3 rats
44 creatures vanquished.

Notes
Turn   | Place    | Note
-------+----------+-------------------------------------------
     0 | D:1      | Mickster the Hill Orc Berserker began the quest for the
                  | Orb.
     0 | D:1      | Reached XP level 1. HP: 19/19 MP: 1/1
   349 | D:1      | Found Keshuh's Assorted Antiques.
   410 | D:1      | Reached XP level 2. HP: 22/27 MP: 2/2
   970 | D:2      | Gained mutation: You have sharp toenails. [potion of
                  | mutation]
   970 | D:2      | Gained mutation: You are frail. (-10% HP) [potion of
                  | mutation]
   970 | D:2      | Gained mutation: Your flesh is heat resistant. (rF+)
                  | [potion of mutation]
  1111 | D:2      | Reached XP level 3. HP: 29/29 MP: 3/3
  1268 | D:2      | Reached skill level 5 in Axes
  1366 | D:3      | Reached XP level 4. HP: 31/36 MP: 4/4
  1652 | D:3      | Reached ** piety under Trog
  1755 | D:4      | Slain by an iguana

Illustrated notes

Levels and vault maps discovered:
D:1:      dpeg_arrival_round_a, layout_loops_corners, serial_shops, shop
D:2:      layout_loops_ring
D:3:      layout_loops_cross
D:4:      layout_gridville, yredelemnul_forgotten_temple_becter,
          nemelex_spade_bored_becter, kennysheep_vampire_church,
          grunt_qazlal_sundering, gup_sewer_entry_spiral

Skill      XL: |  1  2  3 |
---------------+----------+-----
Fighting       | 4 |  4.4
Axes           | 5 |  5.5
Dodging        | 2 |  2.1
Armour         | |  2.6
Stealth        | |  0.3

Action                     |  1- 3 |  4- 6 || total
---------------------------+-------+-------++-------
  Melee: Hand axe          |    90 |    54 ||   144
         Kick              |     9 |    13 ||    22
         Punch             |     1 |       ||     1
 Invoke: Berserk           |     1 |       ||     1
    Use: Scroll            |     4 |       ||     4
         Potion            |     3 |     2 ||     5
 Armour: Animal skin       |     4 |       ||     4
         Ring mail         |    19 |    13 ||    32
  Dodge: Dodged            |    58 |    32 ||    90

Table legend: (Time is in decaauts)
 A = Elapsed time spent in this place.
 B = Non-inter-level travel time spent in this place.
 C = Inter-level travel time spent in this place.
 D = Time resting spent in this place.
 E = Time spent auto-exploring this place.
 F = Levels seen in this place.
 G = Mean time per level.
                   A        B        C        D        E       F      G
               +--------+--------+--------+--------+--------+-----+--------+
         Total |   1767 |   1734 |     33 |    155 |      0 |   4 |  441.8 |
       Dungeon |   1767 |   1734 |     33 |    155 |      0 |   4 |  441.8 |
               +--------+--------+--------+--------+--------+-----+--------+

Top non-repeatable levels by time:
     D:1: 842 daAuts
     D:2: 523 daAuts
     D:3: 352 daAuts
     D:4: 50 daAuts
